 Dungeon Crawl Stone Soup version 0.29.0-4-gdea44cf6ec (webtiles) character file.

Game seed: 7858335988508712582

52 qw the Sneak (level 3, -1/30 HPs)
             Began as a Ghoul Enchanter on Sept 6, 2022.
             Slain by Natasha (3 damage)
             ... on level 2 of the Dungeon.
             The game lasted 00:00:55 (1855 turns).

qw the Sneak (Ghoul Enchanter)                      Turns: 1855, Time: 00:00:56

Health: -1/30      AC:  4    Str: 13    XL:     3   Next: 85%
Magic:  4/4        EV: 11    Int: 10    God:
Gold:   29         SH:  0    Dex:  9    Spells: 5/5 levels left

rFire   . . .      SeeInvis .   Y - +0 short sword
rCold   + . .      Faith    .   (no shield)
rNeg    + + +      Spirit   .   h - +0 leather armour
rPois   inf        Reflect  .   (no helmet)
rElec   .          Harm     .   e - +0 cloak
rCorr   .          Rampage  .   (no gloves)
Will    .....                   (no boots)
Stlth   ++........              (no amulet)
HPRegen 0.00/turn               (no ring)
MPRegen 0.09/turn               (no ring)

@: about to teleport, inhibited regen, slowed, very slow
A: claws 1, cold resistance 1, negative energy resistance 3, inhibited
regeneration, torment resistance 2, devour on kill
a: no special abilities


You were on level 2 of the Dungeon.
You visited 1 branch of the dungeon, and saw 2 of its levels.

You collected 29 gold pieces.


Innate Abilities, Weirdness & Mutations

You are immune to poison.
You have sharp fingernails.
Your flesh is cold resistant. (rC+)
You are immune to negative energy. (rN+++)
You do not regenerate when monsters are visible.
You are immune to unholy pain and torment.
You thrive by killing the living.


   Skills:
 - Level 2.4 Fighting
 - Level 0.8 Short Blades
 + Level 2.0 Axes
 - Level 1.7 Dodging
 - Level 3.2 Stealth
 - Level 1.7 Spellcasting
 - Level 2.4 Hexes


You had 5 spell levels left.
You didn't know any spells.
Your spell library contained the following spells:

 Spells                   Type           Power      Damage    Failure   Level
 Ensorcelled Hibernation  Hex/Ice        6%         N/A       36%         2
 Confusing Touch          Hex            5%         N/A       41%         3
 Tukima's Dance           Hex            5%         N/A       41%         3
 Dazzling Flash           Conj/Hex       6%         N/A       58%         3

Inventory:

Hand Weapons
 Y - a +0 short sword (weapon)
Armour
 e - a +0 cloak (worn)
 h - a +0 leather armour (worn)
Potions
 f - a potion of attraction {unknown}
 j - a potion of magic {unknown}

Dungeon Overview and Level Annotations

Branches:
Dungeon (2/15)

Altars:

Annotations:
D:2 Natasha


Message History

You catch the helpless Natasha completely off-guard!
You hit Natasha.
Natasha is moderately wounded.
Natasha barely misses you.
You barely miss Natasha.
Natasha is moderately wounded.
Natasha casts a spell.
You hit Natasha but do no damage.
Natasha is moderately wounded.
Natasha barely misses you. The crimson imp closely misses you.
You closely miss Natasha.
Natasha is moderately wounded.
Natasha claws you.
The crimson imp blinks!
You hit Natasha but do no damage.
Natasha is moderately wounded.
Natasha casts a spell.
You closely miss Natasha.
Natasha is lightly wounded.
Natasha claws you but does no damage. The crimson imp hits you.
You hit Natasha but do no damage.
Natasha is lightly wounded.
Natasha stares at you and mumbles some strange words.
You resist with significant effort. The crimson imp barely misses you.
The white imp hits you. The white imp freezes you. You resist.
You hit Natasha.
Natasha is moderately wounded.
Natasha claws you! The crimson imp hits you. The white imp gestures at you.
The puff of frost hits you. You resist.
1854 ||| READING scroll of teleportation.
As you read the scroll of teleportation, it crumbles to dust.
You feel strangely unstable.
Natasha stares at you and mumbles some strange words.
You feel yourself slow down. The crimson imp completely misses you.
The white imp closely misses you.
You hit Natasha but do no damage.
Natasha is moderately wounded.
Natasha claws you. The crimson imp hits you. The white imp misses you.
Natasha claws you.
You die...

#######.#.#
#.# #.#.# #.#
#.#.# #.#
######(#.#
#+#
#......#.#
####.######.#
#....# .#
#.5..# #.h@.#
#..5.#
.......#
###.....#
##....#
#..... ##'###
#.


You could see Natasha, a crimson imp (summoned) and a white imp (summoned).

Vanquished Creatures
  Natasha (D:2)
  2 bats (D:1)
  5 endoplasms (D:1)
  A giant cockroach (D:1)
  3 goblins (D:1)
  3 hobgoblins
  3 kobolds (D:1)
  A quokka (D:2)
  A ball python (D:1)
  A frilled lizard (D:1)
  6 rats
27 creatures vanquished.

Vanquished Creatures (others)
  5 toadstools (D:1)
5 creatures vanquished.

Grand Total: 32 creatures vanquished

Notes
Turn   | Place    | Note
-------+----------+-------------------------------------------
     0 | D:1      | qw the Ghoul Enchanter began the quest for the Orb.
     0 | D:1      | Reached XP level 1. HP: 14/14 MP: 2/2
     0 | D:1      | 0 ||| qw: Version: 0.1-a-108-g9e35731
     0 | D:1      | 0 ||| qw: Game counter: 6292
     0 | D:1      | 0 ||| qw: Always use a shield: true
     0 | D:1      | 0 ||| qw: God list: Okawaru
     0 | D:1      | 0 ||| qw: Allow faded altars: false
     0 | D:1      | 0 ||| qw: Do Orc after D:15 true
     0 | D:1      | 0 ||| qw: Do second Lair branch before Depths: true
     0 | D:1      | 0 ||| qw: Lair rune preference: random
     0 | D:1      | 0 ||| qw: Plans: Normal
     0 | D:1      | 0 ||| PLANNING D:1-11
   194 | D:1      | 194 ||| Stepping ~*~*~tactically~*~*~ (outnumbered).
   195 | D:1      | 195 ||| Stepping ~*~*~tactically~*~*~ (outnumbered).
   198 | D:1      | 198 ||| Stepping ~*~*~tactically~*~*~ (outnumbered).
   205 | D:1      | Reached skill level 1 in Axes
   219 | D:1      | Reached XP level 2. HP: 11/22 MP: 3/3
   394 | D:1      | Reached skill level 1 in Fighting
   416 | D:1      | 416 ||| SWAPPING to +0 club.
   417 | D:1      | 417 ||| DROPPING +1 dagger.
   727 | D:1      | 727 ||| Stepping ~*~*~tactically~*~*~ (outnumbered).
   728 | D:1      | 728 ||| Stepping ~*~*~tactically~*~*~ (outnumbered).
   729 | D:1      | 729 ||| Stepping ~*~*~tactically~*~*~ (outnumbered).
   730 | D:1      | 730 ||| Stepping ~*~*~tactically~*~*~ (outnumbered).
   868 | D:1      | 868 ||| SWAPPING to +0 short sword.
   869 | D:1      | 869 ||| DROPPING +0 club.
  1105 | D:1      | Reached XP level 3. HP: 28/28 MP: 4/4
  1337 | D:1      | 1337 ||| UPGRADING to +0 cloak.
  1342 | D:1      | 1342 ||| UPGRADING to +0 leather armour.
  1352 | D:1      | 1352 ||| DROPPING +0 robe.
  1353 | D:1      | 1353 ||| READING scroll labelled WUETAU EHEXKOU.
  1354 | D:1      | 1354 ||| READING 2 scrolls labelled ECOVUSH MUKADD.
  1359 | D:1      | 1359 ||| READING scroll labelled QAMNYC SUKU.
  1360 | D:1      | 1360 ||| READING 2 scrolls labelled ACUJUN FACI.
  1361 | D:1      | 1361 ||| DROPPING 2 potions of invisibility.
  1362 | D:1      | 1362 ||| DROPPING scroll of magic mapping.
  1561 | D:2      | Found a faded altar of an unknown god.
  1584 | D:2      | Noticed Natasha
  1600 | D:2      | Killed Natasha
  1842 | D:2      | Noticed Natasha
  1853 | D:2      | HP: 7/30 [white imp/puff of frost[Natasha] (2)]
  1854 | D:2      | 1854 ||| READING scroll of teleportation.
  1855 | D:2      | HP: 2/30 [crimson imp[Natasha] (2)]
  1855 | D:2      | Slain by Natasha

Levels and vault maps discovered:
D:1:      ldierk_walled_garden, layout_rooms
D:2:      layout_basic, chequers_ecumenical_altar_twisty, uniq_natasha,
          uniq_crazy_yiuf_cottage

Skill      XL: |  1  2  3 |
---------------+----------+-----
Axes           | 1 2 |  2.0
Fighting       | 1 2 |  2.4
Short Blades   | |  0.8
Dodging        | |  1.7
Stealth        | |  3.2
Spellcasting   | |  1.7
Hexes          | |  2.4

Action                   || total
-------------------------++-------
Melee: Dagger            ||    51
       Club              ||    67
       Short sword       ||    76
  Use: Scroll            ||     5
 Stab: Distracted        ||     1
Armor: Robe              ||    39
       Leather armour    ||    10
Dodge: Dodged            ||   135

Table legend:
 A = Non-vault XP
 B = Vault XP
 C = Vault XP percentage of total XP
 D = Non-vault monster count
 E = Vault monster count
 F = Vault count percentage of total count
                 A         B        C        D         E       F
            +---------+---------+-------+---------+---------+-------
      Total |      40 |      35 |  46.7 |      26 |       1 |   3.7
            +---------+---------+-------+---------+---------+-------
        D:1 |      35 |       0 |   0.0 |      23 |       0 |   0.0
        D:2 |       5 |      35 |  87.5 |       3 |       1 |  25.0
            +---------+---------+-------+---------+---------+-------
